 Dungeon Crawl Stone Soup version 0.27.0-66-gdc8fb28755 (webtiles) character file.

Game seed: 14044297795865009178

2746 ZARRMARR the Grappler (level 9, 0/84 HPs)
             Began as a Troll Berserker on Aug 20, 2021.
             Was an Elder of Trog.
             Succumbed to a redback's poison
             ... on level 6 of the Dungeon.
             The game lasted 00:20:16 (4944 turns).

ZARRMARR the Grappler (Troll Berserker)             Turns: 4944, Time: 00:20:17

Health: 0/84       AC:  6    Str: 27    XL:     9   Next: 41%
Magic:  3/8        EV: 11    Int:  3    God:    Trog [****..]
Gold:   268        SH:  0    Dex: 12    Spells: 8/8 levels left

rFire    . . .     SeeInvis .     - Unarmed
rCold    . . .     Faith    .   (no shield)
rNeg     + . .     Spirit   +   a - +2 animal skin
rPois    .         Reflect  .   (helmet restricted)
rElec    .         Harm     .   (no cloak)
rCorr    .         Rampage  .   (gloves unavailable)
Will     .....                  (boots unavailable)
Stlth    ++........             h - amulet of guardian spirit
HPRegen  1.24/turn              b - ring of positive energy
MPRegen  0.11/turn              (no ring)

@: lethally poisoned (0 -> -59), on berserk cooldown, slowed, very slow
A: large, unfitting armour, claws 3, regeneration 1, shaggy fur 1, tough skin 1
a: Renounce Religion, Berserk, Trog's Hand, Brothers in Arms


You were on level 6 of the Dungeon.
You worshipped Trog.
Trog was greatly pleased with you.
You visited 1 branch of the dungeon, and saw 6 of its levels.

You collected 268 gold pieces.

Inventory:

Hand Weapons
 k - the +6 glaive "Fafaskecs" {distort, rF+ MP+9}
   (You found it on level 5 of the Dungeon)

   It warps and distorts space around it, and may blink, banish, or inflict
   extra damage upon those it strikes.
   Unwielding it can cause banishment or high damage.
   rF:        It protects you from fire.
   MP:        It affects your magic capacity (+9).
Missiles
 e - 24 poisoned darts (quivered)
Armour
 a - a +2 animal skin (worn)
Jewellery
 b - a ring of positive energy (left claw)
 h - an amulet of guardian spirit (around neck)
Wands
 o - a wand of acid (4)
Scrolls
 g - a scroll of magic mapping
 i - a scroll of fog
 m - a scroll of vulnerability
Potions
 c - a potion of lignification {unknown}
 d - a potion of curing
 f - a potion of haste {unknown}
 j - a potion of mutation {unknown}
 l - a potion of heal wounds {unknown}


   Skills:
 + Level 3.8 Fighting
 + Level 1.3 Throwing
 + Level 5.8 Dodging
 + Level 1.7 Stealth
 + Level 10.5 Unarmed Combat


You had 8 spell levels left.
You didn't know any spells.
Your spell library contained the following spells:

 Spells                   Type           Power      Damage    Failure   Level
 Magic Dart               Conj           0%         1d3       52%         1
 Call Imp                 Summ           0%         N/A       67%         2
 Mephitic Cloud           Conj/Pois/Air  0%         N/A       88%         3


Dungeon Overview and Level Annotations

Branches:
Dungeon (6/15)             Temple (0/1) D:4

Altars:
Gozag

Annotations:
D:6 2 runed translucent doors


Innate Abilities, Weirdness & Mutations

You are too large for most types of armour.
You have claws for hands.
Your natural rate of healing is unusually fast.
You are covered in fur. (AC +1)
You have tough skin. (AC +1)


Message History

You barely miss the redback. The redback bites you!
You mangle the redback!!
You kill the redback!
Trog accepts your kill.
You claw the scorpion!
The scorpion is heavily wounded.
The scorpion stings you.
You closely miss the scorpion. Your claw misses the scorpion.
The scorpion is heavily wounded.
You mangle the scorpion!!
You kill the scorpion!
Trog accepts your kill.
You mangle the water moccasin!!
You kill the water moccasin!
Trog accepts your kill.
You claw the adder!
You kill the adder!
Trog accepts your kill.
You are no longer berserk.
You are exhausted.
You feel yourself slow down. The redback bites you! The redback bites you.
You are poisoned.
The redback poisons you! The adder bites you but does no damage.
Things that are here:
a water moccasin corpse; a scorpion corpse You feel extremely sick.
The redback bites you!
You are lethally poisoned!
The redback poisons you! The redback closely misses you.
It was a potion of curing.
You feel better. The redback misses you. The redback bites you!
You are poisoned.
The redback poisons you!
Your ogre goes berserk!
You feel extremely sick. The redback closely misses you. The redback bites you!
* * * LOW HITPOINT WARNING * * *
You are lethally poisoned!
The redback poisons you!
You die...

...........##yyyyy?.##.....#.....
..........##+##yyy##+##....'.....
..........#...#####...#....#.....
'#####...[#....#$#....#....#.....
...†>#....#....#[#S...#.####.....
..<..#....#....'sSs)..#..........
.....#....##...#s#.S.##..........
.....#.....###s#.#s###...........
.....+.......###@###........#####
######.....+....O...........#
.....#.....#.........########
.....#....<#...#.....#
.....#(....#...#.....#
.....#.....#...#.....#
.....#.....#...'.....#
.....#.)...#...#.....#
.....#.....#...#.....#


You could see 2 redbacks, 3 killer bees, an adder and a friendly ogre (summoned,
berserk).

Vanquished Creatures
  Pikel (D:6)
  A redback (D:6)
  A wraith (D:5)
  2 water moccasins (D:6)
  An ice beast (D:6)
  2 sky beasts
  An ogre (D:6)
  2 phantoms (D:5)
  2 scorpions
  A wyvern skeleton (D:6)
  A water moccasin zombie (D:5)
  A water moccasin skeleton (D:6)
  3 wights (D:5)
  2 bullfrog zombies (D:5)
  4 hounds
  A gnoll shaman (D:4)
  2 jellies
  4 orc priests
  A centaur skeleton (D:6)
  4 iguanas
  An orc wizard (D:4)
  4 gnolls
  15 adders
  A shadow imp (D:6)
  2 ufetubi
  2 adder skeletons (D:4)
  A worm (D:2)
  3 dart slugs
  12 orcs
  6 bats
  4 endoplasms
  2 giant cockroaches (D:1)
  7 goblins
  9 hobgoblins
  2 jackals (D:3)
  10 kobolds
  3 quokkas (D:2)
  7 ball pythons
  3 frilled lizards (D:2)
  24 rats
155 creatures vanquished.

Vanquished Creatures (others)
  A plant (D:5)
1 creature vanquished.

Grand Total: 156 creatures vanquished

Notes
Turn   | Place    | Note
-------+----------+-------------------------------------------
     0 | D:1      | ZARRMARR the Troll Berserker began the quest for the Orb.
     0 | D:1      | Reached XP level 1. HP: 22/22 MP: 0/0
    78 | D:1      | Reached XP level 2. HP: 23/29 MP: 1/1
   193 | D:1      | Reached XP level 3. HP: 36/36 MP: 2/2
   493 | D:1      | Reached ** piety under Trog
  1072 | D:2      | Reached XP level 4. HP: 44/44 MP: 3/3
  1183 | D:2      | Reached skill level 4 in Unarmed Combat
  1194 | D:2      | Reached *** piety under Trog
  1680 | D:3      | Reached XP level 5. HP: 53/53 MP: 4/4
  1739 | D:3      | Found a faded altar of an unknown god.
  2267 | D:4      | Reached skill level 5 in Unarmed Combat
  2405 | D:4      | Reached XP level 6. HP: 61/61 MP: 5/5
  2659 | D:4      | Found a staircase to the Ecumenical Temple.
  2670 | D:4      | Reached **** piety under Trog
  3056 | D:5      | Entered Level 5 of the Dungeon
  3266 | D:5      | Noticed a wraith
  3275 | D:5      | Killed a wraith
  3276 | D:5      | Reached skill level 6 in Unarmed Combat
  3276 | D:5      | Reached XP level 7. HP: 55/67 MP: 6/6
  3447 | D:5      | Reached skill level 1 in Throwing
  3495 | D:5      | Reached skill level 7 in Unarmed Combat
  3632 | D:5      | Reached skill level 5 in Dodging
  3632 | D:5      | Reached XP level 8. HP: 75/75 MP: 5/7
  3698 | D:5      | Reached skill level 1 in Stealth
  3719 | D:5      | Reached skill level 8 in Unarmed Combat
  3766 | D:5      | Identified the +6 glaive "Fafaskecs" {distort, rF+ MP+9}
  4330 | D:6      | Found a runed translucent door.
  4334 | D:6      | Found the +9 staff of Olgreb {rPois∞}
  4363 | D:6      | Found a runed translucent gate.
  4374 | D:6      | Found a runed translucent door.
  4527 | D:6      | Reached skill level 9 in Unarmed Combat
  4600 | D:6      | Found a runed translucent gate.
  4607 | D:6      | Found a runed translucent gate.
  4620 | D:6      | Found an opulent altar of Gozag.
  4621 | D:6      | Noticed Pikel
  4628 | D:6      | Killed Pikel
  4629 | D:6      | Reached XP level 9. HP: 84/84 MP: 5/8
  4665 | D:6      | Reached skill level 10 in Unarmed Combat
  4944 | D:6      | Succumbed to a redback's poison

Illustrated notes

Levels and vault maps discovered:
D:1:      onia_arrival_handbag, layout_rooms, chequers_decorated_corner
D:2:      layout_rooms, minmay_rat_hole
D:3:      layout_basic, shapermc_ecumenical_altar_pompeii
D:4:      layout_cave_pools, temple_statues
D:5:      minmay_octagon_keep, layout_basic, serial_bayou_lagoon_a,
          nrook_mini_vaults
D:6:      layout_gridville, nicolae_gozag_cash_rules_everything_around_me,
          st_stairs_7, minmay_guarded_unrand_staff_of_olgreb, uniq_pikel

Skill      XL: |  1  2  3  4  5  6  7  8  9 |
---------------+----------------------------+-----
Dodging        | 3 4 5 |  5.8
Unarmed Combat | 4 5 6 7 9 10 | 10.5
Fighting       | 3 |  3.8
Throwing       | 1 |  1.3
Stealth        | 1 |  1.7

Action                   |  1- 3 |  4- 6 |  7- 9 || total
-------------------------+-------+-------+-------++-------
Melee: Unarmed           |    93 |   162 |   148 ||   403
       Punch             |     1 |     2 |     3 ||     6
Throw: Dart              |       |     7 |     1 ||     8
Invok: Berserk           |     4 |     5 |     6 ||    15
       Brothers in Arms  |       |       |     1 ||     1
  Use: Scroll            |     1 |     8 |     1 ||    10
       Potion            |       |       |     1 ||     1
 Stab: Sleeping          |     1 |       |     1 ||     2
Armor: Animal skin       |    13 |    68 |    30 ||   111
Dodge: Dodged            |    36 |    97 |    66 ||   199
